AoeStats
← Shuljo

Arabia

510565831Analyzed
1v1 RM · 2d ago on Oct 1, 2026· 75m 2s· 2 players
Game mode
Random Map
Map size
Tiny (2 player)
Population
200
Speed
Normal
Resources
Standard
Victory
Conquest
Starting age
Dark Age
Ending age
Imperial Age
RankedLock teamsTeams togetherTeam positionsShared explorationLock speedFull tech treeHidden civsTurbo modeCheats
Victory
Defeat
🇸🇮 Maya · Slovenia
1213
+15
🇧🇷 Persians · Brazil
1183
-15
Zana Hitech
7:42 Loom
9:42 Feudal Age
16:26 Double-Bit Axe
19:40 Castle Age
20:55 Gold Mining
20:48 Horse Collar
23:37 Wheelbarrow
23:35 Bow Saw
23:49 Scale Barding Armor
24:55 Forging
25:25 Bloodlines
25:12 Elite Skirmisher
25:57 Padded Archer Armor
27:51 Fletching
31:02 Bodkin Arrow
35:33 Chain Barding Armor
37:25 Leather Archer Armor
39:24 Iron Casting
42:41 Imperial Age
43:09 Gold Shaft Mining
44:11 Plate Barding Armor
44:07 Ring Archer Armor
44:53 Chemistry
43:52 Cavalier
44:33 Husbandry
48:31 Two-Man Saw
47:33 Stone Mining
47:17 Light Cavalry
49:04 Blast Furnace
51:19 Hussar
55:23 Conscription
60:50 Conscription
Shuljo
9:36 Feudal Age
12:39 Double-Bit Axe
14:57 Wheelbarrow
14:34 Fletching
17:48 Loom
21:50 Castle Age
21:27 Gold Mining
21:41 Padded Archer Armor
21:42 Scale Mail Armor
21:48 Horse Collar
23:00 Pikeman
23:41 Squires
24:36 Bodkin Arrow
24:56 Crossbowman
27:57 Eagle Warrior
33:00 Chain Mail Armor
34:37 Bow Saw
35:42 Forging
40:44 Imperial Age
38:31 Hand Cart
41:14 Capped Ram
41:52 Halberdier
43:02 Siege Ram
45:50 Elite Eagle Warrior
46:16 Arson
49:11 Plate Mail Armor
49:16 Iron Casting
48:21 Elite Skirmisher
50:28 Conscription
51:37 Bracer
51:53 Leather Archer Armor
52:57 Hul'che Javelineers
54:14 Ballistics
57:59 Chemistry
59:34 Ring Archer Armor
60:04 Blast Furnace
66:01 Elite Plumed Archer
Connection lost

Rejoining the realm…

Still unreachable

The connection could not be restored.

Session expired

The server has moved on; the page needs a fresh start.